 Dungeon Crawl Stone Soup version 0.22-a0-135-g6f012ad (webtiles) character file.

94 Kavrick the Magician (level 4, 28/30 HPs)
             Began as a Human Wizard on Jan 30, 2018.
             Was an Initiate of Sif Muna.
             Quit the game on level 2 of the Dungeon on Jan 31, 2018.
             The game lasted 00:10:48 (2415 turns).

Kavrick the Magician (Human Wizard)                 Turns: 2415, Time: 00:10:49

Health: 28/30      AC:  2    Str:  7    XL:     4   Next: 94%
Magic:  9/9        EV: 12    Int: 19    God:    Sif Muna [......]
Gold:   135        SH:  0    Dex: 12    Spells: 5/10 levels left

rFire    . . .     SeeInvis .   g - +0 short sword
rCold    . . .     Gourm    .   (no shield)
rNeg     . . .     Faith    .   a - +0 robe
rPois    .         Spirit   .   b - +0 hat
rElec    .         Reflect  .   (no cloak)
rCorr    .         Harm     .   (no gloves)
MR       .....                  (no boots)
Stlth    ++........             (no amulet)
HPRegen  0.10/turn              (no ring)
MPRegen  0.11/turn              (no ring)

@: no status effects
A: no striking features
a: Renounce Religion


You were on level 2 of the Dungeon.
You worshipped Sif Muna.
Sif Muna was noncommittal.
You were hungry.

You visited 1 branch of the dungeon, and saw 3 of its levels.

You collected 135 gold pieces.

Inventory:

Hand Weapons
 g - a +0 short sword (weapon)
Armour
 a - a +0 robe (worn)
 b - a +0 hat (worn)
Jewellery
 s - an uncursed ring of protection from cold {unknown}
Scrolls
 e - a scroll of fear {unknown}
 f - a scroll of enchant weapon {unknown}
 j - 2 scrolls of remove curse {unknown}
 n - a scroll of magic mapping {unknown}
 o - 4 scrolls of identify {unknown}
 t - a scroll of teleportation {unknown}
Potions
 h - a potion of curing {unknown}
 i - a potion of cancellation {unknown}
 k - a potion of haste {unknown}
 l - a potion of brilliance {unknown}
 p - 2 potions of flight {unknown}
 q - a potion of degeneration {unknown}
 r - a potion of resistance {unknown}
Books
 c - a book of Minor Magic

   Spells                             Type                      Level
   a - Magic Dart                     Conjuration                  1
   b - Blink                          Translocation                2
   c - Call Imp                       Summoning                    2
   d - Slow                           Hexes                        2
   e - Conjure Flame                  Conjuration/Fire             3
   f - Mephitic Cloud                 Conjuration/Poison/Air       3
Comestibles
 d - 6 rations


   Skills:
 - Level 2.0 Dodging
 - Level 2.0 Stealth
 + Level 3.7 Spellcasting
 * Level 3.4 Conjurations
 + Level 0.3 Hexes
   Level 1.0 Summonings
 + Level 1.1 Translocations


You had 5 spell levels left.
You knew the following spells:

 Your Spells              Type           Power        Failure   Level  Hunger
a - Magic Dart            Conj           ###.         3%          1    None
b - Blink                 Tloc           N/A          13%         2    ##.....
c - Slow                  Hex            #.......     19%         2    ##.....


Dungeon Overview and Level Annotations

Branches:
Dungeon (3/15)

Altars:
Sif Muna

Annotations:
D:3 1 runed door, Terence


Message History

Unknown command.
You hit the quokka but do no damage.
The quokka is severely wounded.
The quokka bites you.
* * * LOW HITPOINT WARNING * * *
The quokka bites you.
* * * LOW HITPOINT WARNING * * *
You hit the quokka.
The quokka is almost dead.
The quokka bites you.
* * * LOW HITPOINT WARNING * * *
You hit the quokka.
You kill the quokka!
Sif Muna accepts your kill.
You start resting.
Magic restored.
You start resting.
You are feeling hungry.
Okay, then.
Are you sure you want to abandon this character and quit the game? (Confirm with "yes".)

##..# #...# #... #..### ##..#
#... #....######### #..# ##...
#.##.#.......# #..## ##.... ##
#.##.........# ###..###..##. .#
#.####.......# #....##..###.
.####.####.......# ##....##.## #.
.................# #......#.# #.
..####.###......@###........# #.
..## #.# #...........#.#....## #.
#..# #.# #........###..#.##..# #.
##.###.# ###...>..###.##.....###.
.#..##.### #.....###..#.......##.
..#......###.........##.......###
#.#..............#####........#
#.#......###.....#####........##
#.#.###### ########....#.([....##


There were no monsters in sight!

Vanquished Creatures
  5 adders
  2 worms
  A dart slug (D:2)
  2 leopard geckos
  3 giant cockroaches
  A goblin (D:1)
  A hobgoblin (D:2)
  5 jackals
  A quokka (D:2)
  5 bats
  4 frilled lizards
  5 kobolds
  8 rats
43 creatures vanquished.

Notes
Turn   | Place    | Note
-------+----------+-------------------------------------------
     0 | D:1      | Kavrick the Human Wizard began the quest for the Orb.
     0 | D:1      | Reached XP level 1. HP: 13/13 MP: 4/4
   237 | D:1      | Reached XP level 2. HP: 19/19 MP: 4/6
  1029 | D:1      | Reached XP level 3. HP: 20/24 MP: 1/7
  1304 | D:2      | Found a deep blue altar of Sif Muna.
  1399 | D:2      | Became a worshipper of Sif Muna the Loreminder
  1454 | D:2      | Reached XP level 4. HP: 30/30 MP: 2/9
  1705 | D:3      | Learned a level 2 spell: Blink
  1708 | D:3      | Learned a level 2 spell: Slow
  1717 | D:3      | Upgraded the game from 0.22-a0-126-g307c7c3 to 0.22-a0-135-g6f012ad
  1797 | D:3      | Found a runed door.
  1890 | D:3      | Noticed Terence
  2152 | D:2      | HP: 1/30 [quokka (1)]
  2415 | D:2      | Quit the game

Vault maps used:
D:1:      lemuel_arrival_hallway
D:2:      lemuel_blue_sif_altar
D:3:      uniq_terence, uniq_crazy_yiuf_cottage

Skill      XL: |  1  2  3  4 |
---------------+-------------+-----
Conjurations   | 2 3 |  3.4
Dodging        | |  2.0
Stealth        | |  2.0
Spellcasting   | |  3.7
Hexes          | |  0.3
Summonings     | |  1.0
Translocations | |  1.1

Action                   |  1- 3 |  4- 6 || total
-------------------------+-------+-------++-------
Melee: Unarmed           |    26 |       ||    26
       Short sword       |    20 |     5 ||    25
 Cast: Magic Dart        |    62 |    50 ||   112
  Eat: Chunk             |     2 |     2 ||     4
Armor: Robe              |    21 |     2 ||    23
Dodge: Dodged            |    53 |     4 ||    57

Table legend:
 A = Spawn XP
 B = Non-spawn XP
 C = Spawn XP percentage of total XP
 D = Spawn monster count
 E = Non-spawn monster count
 F = Spawn count percentage of total count
 G = Total turns spent on level
                    A         B        C        D         E        F      G
               +---------+---------+-------+---------+---------+-------+---------
         Total |       0 |     135 |   0.0 |       0 |      43 |   0.0 |  2415
               +---------+---------+-------+---------+---------+-------+---------
           D:1 |       0 |      27 |   0.0 |       0 |      17 |   0.0 |  1080
           D:2 |       0 |      69 |   0.0 |       0 |      17 |   0.0 |  1059
           D:3 |       0 |      39 |   0.0 |       0 |       9 |   0.0 |   276
               +---------+---------+-------+---------+---------+-------+---------
